Derek, chaotic male orcish Rogue --------------- #..............| #|.{..).........##[# #|.............| # #------------.-- ### . ## #### #### # # # # ### ####%#` ( ### # # ##### # # ### ###### d ## # -----.----- # ##...`......| -------o |.........| |))))h(# |.........| |.....| |.......... |(.h%.| |........<| |G.h..| ----------- ------- Derek the Cutpurse Experience level: 5 Strength: 14 Dexterity: 18 Constitution: 12 Intelligence: 12 Wisdom: 13 Charisma: 7 Health: 0(32) Energy: 20(20) Def: 7 Gold: 547 Moves: 1673 Dungeon seed: -neqGsnnrrZMV3OB Game ID: Derek_1529207101 Your Inventory: Coins $ - 547 gold pieces Amulets o - an uncursed amulet of ESP (being worn) Weapons a - a +0 orcish short sword (weapon in hand) b - 2 +0 orcish daggers (in quiver) w - a +0 orcish dagger Armor e - a blessed +1 leather armor (being worn) z - an uncursed +1 pair of iron shoes (being worn) B - an uncursed +0 orcish helm (being worn) Y - a blessed +0 dwarvish cloak (being worn) Comestibles h - an uncursed clove of garlic i - an uncursed egg Scrolls j - a cursed scroll of light s - an uncursed scroll of identify v - a cursed scroll of charging C - an uncursed scroll of create monster Spellbooks p - an uncursed spellbook of charm monster Potions c - an uncursed potion of sickness r - an uncursed potion of water u - an uncursed potion of hallucination Rings k - an uncursed ring of searching Tools l - an uncursed lock pick n - an uncursed blindfold x - a +0 pick-axe A - a cursed wax candle (0:400) F - an uncursed sack Gems N - an uncursed turquoise stone Spells and supernatural/magical abilities: Name Level Category Fail Memory W - pray for help -- divine ? -- Your skills at the end: Fighting Skills Weapon Skills dagger [Skilled] short sword [Basic] Spellcasting Skills Final Attributes: You were piously aligned. You were poison resistant. You were telepathic. You had infravision. You were stealthy. You are dead. Vanquished creatures: a gnome king a gnome mummy a human zombie 5 bugbears a water nymph a rock piercer a gnomish wizard a floating eye 2 dwarves a kobold shaman 3 iguanas 2 large kobolds 2 hobgoblins 3 giant rats a gnome 2 garter snakes a gnome zombie 2 geckos 4 jackals a fox 3 goblins 4 grid bugs 4 lichens a kobold zombie a newt 49 creatures vanquished. Voluntary challenges: You were an atheist. You used a wielded weapon 23 times, starting on turn 257. You were illiterate. You never genocided any monsters. You never polymorphed an object. You never changed form. You used no wishes. You never split a pudding. You never wrote Elbereth's name. You never violated your personal moral code. Dungeon overview: The Dungeons of Doom: levels 1 to 7 Level 1 a long staircase Level 2 Level 3 Level 4 a sink Level 5 Level 6 a fountain Level 7 <- You were here a fountain History has recorded: On T:1 you entered the Dungeons of Doom to retrieve the Amulet of Yendor! On T:40 you reached level 2 of The Dungeons of Doom. On T:421 you advanced to experience level 2. On T:440 you reached level 3 of The Dungeons of Doom. On T:530 you reached level 4 of The Dungeons of Doom. On T:588 you reached level 5 of The Dungeons of Doom. On T:744 you reached level 6 of The Dungeons of Doom. On T:892 you advanced to experience level 3. On T:1204 you reached level 7 of The Dungeons of Doom. On T:1254 you advanced to experience level 4. On T:1460 you advanced to experience level 5. Score breakdown: Gold: 547 ( 9316 points) Experience: 5 levels (11141 points) Exploration: 7 levels ( 14.89%) (10834 points) Discoveries: 3 items ( 1.05%) ( 3067 points) Valuables value: (no points given unless you survive) Artifact value: 0 ( 0 points) Variety of kills: 25 monsters ( 6.56%) ( 7684 points) Turncount: 1673 turns ( 0 points) Survival: died (score multiplied by 80%) Total score: 33633 Latest messages: Sorry, I don't know how to use that. You hit the gnome king. The little dog eats a water nymph corpse. The bugbear zaps a wand of striking! The wand hits the bugbear! The bugbear is killed! The wand hits the gnome king! The gnome king resists! You throw 3 orcish daggers. The 1st orcish dagger hits the gnome king. The 2nd orcish dagger hits the gnome king. The 3rd orcish dagger hits the gnome king. The gnome king hits! The bugbear zaps a wand of striking! The wand hits the gnome king! The gnome king resists! The gnome king is killed! The wand hits you! You die... The sack is empty. The sack is empty. Final status: Goodbye Derek the Rogue, killed by a wand... You died in The Dungeons of Doom on dungeon level 7 with 33633 points, and 547 pieces of gold, after 1673 moves. You were level 5 with a maximum of 32 hit points when you died.